AoeStats
← Tretri

Lombardia

509668352Analyzed
2v2 RM · 5d ago on Sep 27, 2026· 36m 18s· 4 players
Game mode
Random Map
Map size
Medium (4 player)
Population
200
Speed
Normal
Resources
Standard
Victory
Conquest
Starting age
Dark Age
Ending age
Imperial Age
RankedLock teamsTeams togetherTeam positionsShared explorationLock speedFull tech treeHidden civsTurbo modeCheats
Victory
Defeat
🇷🇺 Sicilians · Russia
1341
+15
🇺🇦 Magyars · Ukraine
1216
+19
🇬🇧 Varangians · United Kingdom
1306
-17
🇬🇧 Poles · United Kingdom
1301
-17
Tretri
5:38 Loom
10:15 Feudal Age
11:12 Double-Bit Axe
20:04 Castle Age
19:54 Horse Collar
20:17 Fletching
21:03 Bodkin Arrow
21:09 Padded Archer Armor
21:27 Bow Saw
23:31 Leather Archer Armor
24:17 Husbandry
24:32 Bloodlines
24:25 Gold Mining
26:56 Ballistics
28:06 Coinage
30:12 Heavy Plow
32:22 Thumb Ring
38:37 Imperial Age
Darksays
7:53 Loom
10:08 Feudal Age
11:54 Double-Bit Axe
11:53 Horse Collar
22:44 Scale Mail Armor
22:55 Forging
25:25 Wheelbarrow
26:33 Gold Mining
28:45 Castle Age
28:05 Fletching
30:10 Squires
30:25 Arson
31:11 Bow Saw
34:52 Chain Mail Armor
35:13 Iron Casting
Jabberwock
7:23 Loom
9:51 Feudal Age
10:48 Double-Bit Axe
10:45 Horse Collar
13:48 Wheelbarrow
15:12 Town Watch
15:56 Scale Barding Armor
16:18 Bloodlines
22:37 Castle Age
23:10 Gold Mining
23:46 Forging
24:03 Hand Cart
30:28 Light Cavalry
35:21 Fletching
Gundeadfred
7:20 Loom
10:20 Feudal Age
17:18 Forging
23:41 Scale Barding Armor
23:49 Bloodlines
27:51 Castle Age
31:34 Light Cavalry
Connection lost

Rejoining the realm…

Still unreachable

The connection could not be restored.

Session expired

The server has moved on; the page needs a fresh start.